 Dungeon Crawl Stone Soup version 0.31.0-12-g77e489cdc1 (webtiles) character file.

Game seed: 15460519203197014306

209 Gadfly the Insei (level 5, -6/41 HPs)
             Began as a Demonspawn Monk on Feb 11, 2024.
             Mangled by a gnoll sergeant
             ... wielding a +4 trident of flaming
              (11 damage)
             ... on level 3 of the Dungeon.
             The game lasted 00:03:14 (2189 turns).

Gadfly the Insei (Demonspawn Monk)                  Turns: 2189, Time: 00:03:14

Health: -6/41      AC:  5    Str: 13    XL:     5   Next: 55%
Magic:  5/5        EV: 13    Int: 10    God:
Gold:   116        SH:  0    Dex: 16    Spells: 4/4 levels left

rFire   + . .        b - +1 hand axe "Hulk" {flame, rPois}
rCold   + + +        c - orb {light}
rNeg    . . .        a - +0 robe
rPois   +            (helmet restricted)
rElec   +            (no cloak)
rCorr   +            m - +0 pair of gloves
SInv    +            l - +1 pair of boots of the Cuttlefish {rC+++ Regen+ SInv Stlth-}
Will    .....        (no amulet) Stlth
                     (no ring)
HPRegen 1.06/turn    (no ring)
MPRegen 0.09/turn

%: no passive effects
@: mighty, resistant, glowing
A: antennae 1, demonic guardian 2, condensation shield
a: no special abilities


You were on level 3 of the Dungeon.
You visited 1 branch of the dungeon, and saw 3 of its levels.

You collected 116 gold pieces.

Inventory:

Hand Weapons
 b - the +1 hand axe "Hulk" (weapon) {flame, rPois}
   (You found it on level 3 of the Dungeon)

   rPois:     It protects you from poison
Armour
 a - a +0 robe (worn)
 c - an orb of light (worn)
 l - the +1 pair of boots of the Cuttlefish (worn) {rC+++ Regen+ SInv Stlth-}
   (You found it on level 2 of the Dungeon)

   rC+++:     It renders you almost immune to cold.
   SInv:      It lets you see invisible.
   Regen+:    It increases your rate of health regeneration.
   Stlth-:    It makes you less stealthy.
 m - a +0 pair of gloves (worn)
Scrolls
 g - a scroll of identify
 h - a scroll of teleportation
Potions
 i - a potion of cancellation
 k - a potion of mutation
 n - 2 potions of ambrosia


   Skills:
 - Level 3.0 Fighting
 + Level 3.3 Dodging
 * Level 3.8 Unarmed Combat
 * Level 2.5 Evocations
 * Level 2.2 Shapeshifting


You had 4 spell levels left.
You didn't know any spells.
Your spell library contained the following spells:

 Spells                   Type           Power      Damage    Failure   Level
 Lesser Beckoning         Tloc           0%         N/A       50%         2
 Gell's Gravitas          Tloc           0%         N/A       75%         3
 Teleport Other           Tloc           0%         N/A       75%         3


Dungeon Overview and Level Annotations

Branches:
Dungeon (3/15)

Altars:

Shops:
D:1 =


Innate Abilities, Weirdness & Mutations

You have a pair of small antennae on your head.
A demonic guardian rushes to your aid.
A meltable shield of frost defends you. (SH +0)


Message History

A gnoll sergeant breaks down the door.
You hit the gnoll sergeant. You burn the gnoll sergeant.
The gnoll sergeant is lightly wounded.
The gnoll sergeant hits you with a +4 trident of flaming!
Your condensation shield dissipates!
The gnoll sergeant burns you.
The gnoll sergeant hits you with a +4 trident of flaming!
The gnoll sergeant burns you. The gnoll sergeant blocks your attack.
The gnoll sergeant is lightly wounded.
The gnoll sergeant barely misses you.
It was a potion of magic.
Magic courses through your body. The gnoll sergeant closely misses you.
It was a potion of cancellation.
You feel magically purged.
The gnoll sergeant hits you with a +4 trident of flaming!
* * * LOW HITPOINT WARNING * * *
A demonic guardian appears!
The gnoll sergeant burns you.
* * * LOW HITPOINT WARNING * * *
You feel better. The gnoll sergeant closely misses you.
It was a potion of resistance.
You feel protected.
The gnoll sergeant hits you with a +4 trident of flaming!
* * * LOW HITPOINT WARNING * * *
The gnoll sergeant burns you.
* * * LOW HITPOINT WARNING * * *
It was a potion of might.
You feel very mighty all of a sudden.
The gnoll sergeant hits you with a +4 trident of flaming.
* * * LOW HITPOINT WARNING * * *
The gnoll sergeant burns you.
* * * LOW HITPOINT WARNING * * *
You feel better.
The gnoll sergeant hits you with a +4 trident of flaming!
* * * LOW HITPOINT WARNING * * *
The gnoll sergeant burns you.
* * * LOW HITPOINT WARNING * * *
Your rust devil hits the gnoll sergeant.
Your rust devil corrodes the gnoll sergeant!
The gnoll sergeant hits you from afar with a +4 trident of flaming!
You die...

♣♣♣♣♣♣ ♣♣...)♣
♣♣♣..#####
♣♣♣.)..#...#
###♣♣....♣.#...##
#..).[....4g..).#
#.#♣♣...♣..#...#
#.##♣♣♣..@.#...#
#..###♣♣♣..# ###
##.).## ♣♣)...♣
.#####(..##
♣♣♣♣♣♣
..[.....<..###
..#..####.......#
.....#..........#
................#
...............##


You could see a gnoll sergeant (corroded, ally target) and a friendly rust devil
(summoned).

Vanquished Creatures
  Natasha (thrice) (D:3)
  5 gnolls
  4 adders
  A ribbon worm (D:3)
  An orc (D:3)
  3 endoplasms
  2 giant cockroaches
  6 goblins
  6 hobgoblins
  4 jackals (D:1)
  5 quokkas
  3 ball pythons
  2 bats (D:1)
  A frilled lizard (D:1)
  3 kobolds (D:1)
  A rat (D:2)
50 creatures vanquished.

Notes
Turn   | Place    | Note
-------+----------+-------------------------------------------
     0 | D:1      | Gadfly the Demonspawn Monk began the quest for the Orb.
     0 | D:1      | Reached XP level 1. HP: 18/18 MP: 1/1
    50 | D:1      | Gained mutation: A meltable shield of frost defends you.
                  | (SH +0) [demonic ancestry]
    50 | D:1      | Reached XP level 2. HP: 16/24 MP: 2/2
   279 | D:1      | Found Xeackoeg's Jewellery Shop.
   387 | D:1      | Reached skill level 1 in Evocations
   888 | D:2      | Reached skill level 1 in Shapeshifting
   888 | D:2      | Gained mutation: A weak demonic guardian rushes to your
                  | aid. [demonic ancestry]
   888 | D:2      | Reached XP level 3. HP: 26/29 MP: 3/3
  1398 | D:2      | Identified the +1 pair of boots of the Cuttlefish {rC+++
                  | Regen+ SInv Stlth-}
  1854 | D:3      | Gained mutation: You have a pair of small antennae on your
                  | head. [demonic ancestry]
  1854 | D:3      | Reached XP level 4. HP: 35/35 MP: 4/4
  1888 | D:3      | Noticed Natasha
  1911 | D:3      | Killed Natasha
  1923 | D:3      | Noticed Natasha
  1933 | D:3      | Killed Natasha
  1939 | D:3      | Noticed Natasha
  1945 | D:3      | Killed Natasha
  1946 | D:3      | Gained mutation: A demonic guardian rushes to your aid.
                  | [demonic ancestry]
  1946 | D:3      | Reached XP level 5. HP: 41/41 MP: 5/5
  2173 | D:3      | Identified the +1 hand axe "Hulk" {flame, rPois}
  2178 | D:3      | Found the +5 woodcutter's axe
  2189 | D:3      | Mangled by a gnoll sergeant

Illustrated notes

Levels and vault maps discovered:
D:1:      dpeg_arrival_another_circle, layout_rooms, serial_corexii_hall,
          corexii_hall_statues_x, corexii_hall_statues_s, serial_shops,
          nicolae_shop_back_alley_shop, minmay_door_square,
          kennysheep_flooded_box
D:2:      layout_loops_corners
D:3:      layout_rooms, kennysheep_cluttered_room, st_stairs_13,
          pf_guarded_unrand_woodcutter, uniq_crazy_yiuf_cottage, uniq_natasha

Skill      XL: |  1  2  3  4  5 |
---------------+----------------+-----
Evocations     | 1 2 |  2.5
Unarmed Combat | 3 |  3.8
Shapeshifting  | 1 2 |  2.2
Dodging        | 3 |  3.3
Fighting       | |  3.0

Action                     |  1- 3 |  4- 6 || total
---------------------------+-------+-------++-------
  Melee: Unarmed           |   149 |    79 ||   228
         Hand axe          |       |     2 ||     2
    Use: Scroll            |     4 |       ||     4
         Potion            |       |     7 ||     7
 Armour: Robe              |    71 |    52 ||   123
  Dodge: Dodged            |    99 |    51 ||   150
